 Dungeon Crawl Stone Soup version 0.23.2-40-g277498a (webtiles) character file.

Game seed: 3895453903788828959

155 BoppinsLewinski the Cudgeler (level 5, -1/32 HPs)
             Began as a Gargoyle Fighter on Sept 13, 2019.
             Slain by a gnoll
             ... wielding a +0 halberd
              (5 damage)
             ... on level 3 of the Dungeon.
             The game lasted 00:05:27 (1740 turns).

BoppinsLewinski the Cudgeler (Gargoyle Fighter)     Turns: 1740, Time: 00:05:28

Health: -1/32      AC: 13    Str: 20    XL:     5   Next: 37%
Magic:  5/5        EV:  7    Int:  8    God:
Gold:   70         SH:  0    Dex: 10    Spells: 4/4 levels left

rFire    . . .     SeeInvis .   a - +0 flail
rCold    . . .     Gourm    .   (no shield)
rNeg     + . .     Faith    .   j - +0 chain mail
rPois    ∞         Spirit   .   (no helmet)
rElec    +         Reflect  .   (no cloak)
rCorr    .         Harm     .   (no gloves)
MR       .....                  (no boots)
Stlth    ..........             (no amulet)
HPRegen  0.10/turn              (no ring)
MPRegen  0.09/turn              (no ring)

@: no status effects
A: negative energy resistance 1, electricity resistance, unbreathing,
petrification resistance, rot immunity, AC +4
a: no special abilities


You were on level 3 of the Dungeon.
You were not hungry.

You visited 1 branch of the dungeon, and saw 3 of its levels.

You collected 70 gold pieces.

Inventory:

Hand Weapons
 a - a +0 flail (weapon)
Armour
 j - a +0 chain mail (worn)
 n - a +2 hat
Scrolls
 b - a scroll of immolation {unknown}
 c - a scroll of fear {unknown}
 g - 3 scrolls of remove curse {unknown}
 h - 3 scrolls of identify {unknown}
 m - a scroll of enchant armour {unknown}
Potions
 d - a potion of might
 e - 2 potions of curing {unknown}
 i - a potion of resistance {unknown}
 k - a potion of lignification {unknown}
 l - a potion of degeneration {unknown}
Comestibles
 f - 5 rations


   Skills:
 - Level 3.2 Fighting
 * Level 5.2 Maces & Flails
 - Level 3.2 Armour
 + Level 0.7 Dodging
   Level 3.2 Shields


You had 4 spell levels left.
You didn't know any spells.
Your spell library was empty.

Dungeon Overview and Level Annotations

Branches:
Dungeon (3/15)

Altars:
Xom


Innate Abilities, Weirdness & Mutations

You are resistant to torment.
Your stone body is resilient. (AC +4)
You are immune to poison.
You resist negative energy. (rN+)
You are resistant to electric shocks. (rElec)
You can survive without breathing.
You are immune to petrification.
You are immune to rotting.


Message History

The gnoll hits you but does no damage.
You hit the gnoll.
The gnoll is heavily wounded.
The gnoll hits you from afar with a +0 halberd!
The gnoll hits you with a +0 spear.
You hit the gnoll.
The gnoll is severely wounded.
The gnoll closely misses you. The gnoll hits you but does no damage.
The gnoll hits you from afar with a +0 halberd!
The gnoll hits you from afar with a +0 halberd.
* * * LOW HITPOINT WARNING * * *
The gnoll hits you with a +0 spear.
* * * LOW HITPOINT WARNING * * *
There is a stone staircase leading up here.
You see here 3 stones.
Unknown command.
The gnoll hits you with a +0 spear.
* * * LOW HITPOINT WARNING * * *
The gnoll hits you from afar with a +0 halberd.
You die...

.#..... ....... ##.......
### ######........ ...#
##+# ##....#..)...# ....#
...##.@...#..$...#
.....##.##gg.(..#....#####
......#.#.g(..............
#......(.................
#.....(##)......)...####
#.......##..........##
#.......##....)....##
#.......##......#..#
#.......##......#.##


You could see 3 gnolls.

Vanquished Creatures
  A crimson imp (D:3)
  6 adders
  A gnoll (D:2)
  A dart slug (D:1)
  2 leopard geckos
  5 bats (D:2)
  4 giant cockroaches
  7 goblins
  9 hobgoblins
  4 jackals (D:2)
  2 kobolds (D:2)
  A quokka (D:2)
  2 ball pythons
  3 frilled lizards (D:1)
  4 rats
52 creatures vanquished.

Notes
Turn   | Place    | Note
-------+----------+-------------------------------------------
     0 | D:1      | BoppinsLewinski the Gargoyle Fighter began the quest for
                  | the Orb.
     0 | D:1      | Reached XP level 1. HP: 14/14 MP: 1/1
    96 | D:1      | Reached XP level 2. HP: 18/19 MP: 2/2
   294 | D:1      | Reached skill level 3 in Maces & Flails
   646 | D:2      | Reached XP level 3. HP: 13/23 MP: 3/3
  1016 | D:2      | Reached skill level 4 in Maces & Flails
  1116 | D:2      | Reached XP level 4. HP: 28/28 MP: 4/4
  1309 | D:2      | Found a shimmering altar of Xom.
  1432 | D:3      | Reached XP level 5. HP: 15/32 MP: 5/5
  1553 | D:2      | Reached skill level 5 in Maces & Flails
  1740 | D:3      | Slain by a gnoll

Skill      XL: |  1  2  3  4  5 |
---------------+----------------+-----
Maces & Flails | 3 4 5 |  5.2
Fighting       | |  3.2
Armour         | |  3.2
Dodging        | |  0.7
Shields        | |  3.2

Action                   |  1- 3 |  4- 6 || total
-------------------------+-------+-------++-------
Melee: Flail             |   119 |    97 ||   216
  Eat: Chunk             |       |     3 ||     3
Armor: Scale mail        |    33 |       ||    33
       Chain mail        |    68 |   101 ||   169
Dodge: Dodged            |    55 |    40 ||    95
